 Dungeon Crawl Stone Soup version 0.30-a0-1085-g990a428a5c (webtiles) character file.

Game seed: 17025128289398542603

104 promet the Magician (level 4, -1/25 HPs)
             Began as a Deep Elf Hedge Wizard on Apr 16, 2023.
             Slain by a gnoll
             ... wielding a +0 spear
              (2 damage)
             ... on level 3 of the Dungeon.
             The game lasted 00:16:22 (3797 turns).

promet the Magician (Deep Elf Hedge Wizard)         Turns: 3797, Time: 00:16:22

Health: -1/25      AC:  5    Str:  7    XL:     4   Next: 52%
Magic:  11/13      EV: 12    Int: 21    God:
Gold:   132        SH:  0    Dex: 14    Spells: 8/14 levels left

rFire   . . .      SeeInvis .    g - +0 trident
rCold   . . .      Faith    .    (no shield)
rNeg    . . .      Spirit   .    b - +0 robe
rPois   .          Reflect  .    f - +2 helmet
rElec   .          Rampage  .    (no cloak)
rCorr   .                        (no gloves)
Will    .....                    (no boots)
Stlth   ++                       (no amulet)
HPRegen 0.24/turn                (no ring)
MPRegen 0.13/turn                (no ring)

@: hasted, very quick
A: no striking features
a: no special abilities


You were on level 3 of the Dungeon.
You visited 1 branch of the dungeon, and saw 3 of its levels.

You collected 132 gold pieces.

Inventory:

Hand Weapons
 a - a +0 dagger
 g - a +0 trident (weapon)
Missiles
 e - 27 stones
 k - a throwing net
 l - 2 curare-tipped darts
Armour
 b - a +0 robe (worn)
 c - a +0 hat
 f - a +2 helmet (worn)
 j - a +2 hat
 s - a +4 ring mail
Wands
 t - a wand of polymorph (11)
Scrolls
 m - a scroll of identify
 r - a scroll of poison {unknown}
Potions
 d - a potion of magic
 i - a potion of flight
 n - a potion of lignification {unknown}
 p - 3 potions of curing {unknown}
 q - a potion of berserk rage {unknown}


   Skills:
 * Level 1.4 Fighting
 + Level 0.1 Polearms
 * Level 0.2 Armour
 + Level 2.6 Dodging
 + Level 2.9 Stealth
 + Level 5.8 Spellcasting
 + Level 1.6 Conjurations
 + Level 1.6 Summonings
 + Level 1.1 Translocations


You had 8 spell levels left.
You knew the following spells:

 Your Spells              Type           Power      Damage    Failure   Level
a - Magic Dart            Conj           48%        1d5       4%          1
b - Blink                 Tloc           20%        N/A       10%         2
c - Call Imp              Summ           24%        N/A       8%          2
d - Slow                  Hex            24%        N/A       10%         1

Your spell library contained the following spells:

 Spells                   Type           Power      Damage    Failure   Level
 Apportation              Tloc           20%        N/A       6%          1
 Cigotuvi's Dreadful Rot  Necr/Pois/Air  12%        N/A       16%         2
 Mephitic Cloud           Conj/Pois/Air  8%         N/A       24%         3
 Alistair's Intoxication  Tmut/Pois      4%         N/A       95%         5


Dungeon Overview and Level Annotations

Branches:
Dungeon (3/15)

Altars:

Shops:
D:2 ([(

Annotations:
D:3 2 transporters


Message History

The orc hits you with a +0 flail. The orc barely misses you.
The orc hits you with a +1 dagger of speed.
You closely miss the orc.
The gnoll hits you from afar with a +0 spear.
* * * LOW HITPOINT WARNING * * *
The orc hits you but does no damage. The orc hits you with a +0 short sword.
* * * LOW HITPOINT WARNING * * *
The orc hits you but does no damage. The orc barely misses you.
The orc closely misses you.
You feel much better. The gnoll hits you but does no damage.
The orc barely misses you. The orc closely misses you. x2
The orc hits you with a +1 dagger of speed.
Casting: Call Imp (safe; 8% risk of failure)
Confirm with . or Enter, or press ? or * to list all spells.
A tiny devil pulls itself out of the air.
The gnoll barely misses you. The gnoll hits you but does no damage.
The orc hits you with a +0 whip. The orc hits you with a +0 short sword.
The orc barely misses you. x2; The orc hits you but does no damage.
The orc attacks as you move away! The orc hits you but does no damage.
The gnoll hits you from afar with a +0 spear.
* * * LOW HITPOINT WARNING * * *
The gnoll closely misses you. The orc hits you but does no damage.
Your cerulean imp hits the orc but does no damage.
The orc attacks as you move away! The orc closely misses you.
The orc attacks as you move away! The orc barely misses you.
The gnoll hits you from afar with a +0 spear.
* * * LOW HITPOINT WARNING * * *
The orc hits you with a +0 short sword.
* * * LOW HITPOINT WARNING * * *
Your cerulean imp barely misses the orc.
It was a potion of haste.
You feel yourself speed up. The gnoll closely misses you.
The orc hits you with a +0 short sword.
* * * LOW HITPOINT WARNING * * *
The orc hits you but does no damage. The orc misses you.
Your cerulean imp hits the orc with a -3 spear.
You open the door.
Your cerulean imp closely misses the orc.
The gnoll hits you from afar with a +0 spear.
You die...

#.####### #.# #g# #..# #.#
#.# .#.# ##'## #g# .#.#
##...## #5# .#.# ##.....##
#.#### ...## ##.......##
#....#
....####......g..####....####
.......'.......oo'...........
....####.....g.o@####....####
.#..# ##....<.o## ##.#.#
.##.# ##....5## ..... ..#.#
##...## .....# #.#.# ##'##
.###.# #.#.########.######.
.# .# .................... .#
#.##.############### #.
#.#8P#5oo....#~8#


You could see 2 gnolls, 4 orcs and a friendly cerulean imp (summoned).

Vanquished Creatures
  A worm (D:2)
  3 dart slugs
  3 bats
  3 endoplasms
  2 giant cockroaches
  3 goblins
  6 hobgoblins
  A quokka (D:2)
  2 ball pythons
  4 frilled lizards (D:2)
  4 rats
32 creatures vanquished.

Vanquished Creatures (collateral kills)
  Natasha (D:3)
  2 adders (D:2)
  A dart slug (D:2)
  A ball python (D:2)
  An endoplasm (D:2)
  A giant cockroach (D:1)
  3 hobgoblins
  2 kobolds (D:1)
  2 goblins
  2 rats (D:1)
16 creatures vanquished.

Grand Total: 48 creatures vanquished

Notes
Turn   | Place    | Note
-------+----------+-------------------------------------------
     0 | D:1      | promet the Deep Elf Hedge Wizard began the quest for the
                  | Orb.
     0 | D:1      | Reached XP level 1. HP: 10/10 MP: 7/7
   370 | D:1      | Reached XP level 2. HP: 11/15 MP: 3/9
   523 | D:1      | Learned a level 2 spell: Blink
   526 | D:1      | Learned a level 2 spell: Call Imp
   528 | D:1      | Learned a level 1 spell: Slow
   779 | D:1      | Reached skill level 5 in Spellcasting
  2277 | D:2      | Reached XP level 3. HP: 20/20 MP: 9/11
  2421 | D:2      | Found Nux Pot's Antique Weapon Boutique.
  2635 | D:2      | Found Tuw Roik's Weapon Shop.
  2635 | D:2      | Noticed a +0 quick blade
  2638 | D:2      | Noticed a +0 executioner's axe
  2756 | D:2      | Reached skill level 1 in Fighting
  2826 | D:2      | Found Fyodocac's Antique Armour Emporium.
  3053 | D:2      | Reached XP level 4. HP: 25/25 MP: 5/13
  3480 | D:3      | Found a transporter.
  3483 | D:3      | Found a transporter.
  3532 | D:3      | Noticed Natasha
  3542 | D:3      | Killed Natasha
  3794 | D:3      | HP: 1/25 [orc/+0 short sword (3)]
  3797 | D:3      | Slain by a gnoll

Illustrated notes

Levels and vault maps discovered:
D:1:      dpeg_arrival_rhombi, layout_basic
D:2:      cheibrodos_greedy_goblins, layout_basic, serial_shops,
          nicolae_shop_mannequins, nicolae_shop_hallway_stairs, shop
D:3:      gammafunk_wand_slinger, layout_loops_corners, grunt_gozag_breadcrumbs,
          uniq_robin, uniq_natasha

Skill      XL: |  1  2  3 |
---------------+----------+-----
Spellcasting   | 5 |  5.8
Fighting       | 1 |  1.4
Polearms       | |  0.1
Armour         | |  0.2
Dodging        | |  2.6
Stealth        | |  2.9
Conjurations   | |  1.6
Summonings     | |  1.6
Translocations | |  1.1

Action                     |  1- 3 |  4- 6 || total
---------------------------+-------+-------++-------
  Melee: Dagger            |    12 |     6 ||    18
         Spear             |    11 |       ||    11
         Trident           |       |    14 ||    14
   Cast: Magic Dart        |    73 |    15 ||    88
         Call Imp          |    11 |     8 ||    19
    Use: Scroll            |    10 |       ||    10
         Potion            |       |     2 ||     2
   Stab: Sleeping          |     2 |     1 ||     3
 Armour: Robe              |     6 |    15 ||    21
  Dodge: Dodged            |    22 |    26 ||    48

Table legend: (Time is in decaauts)
 A = Elapsed time spent in this place.
 B = Non-inter-level travel time spent in this place.
 C = Inter-level travel time spent in this place.
 D = Time resting spent in this place.
 E = Time spent auto-exploring this place.
 F = Levels seen in this place.
 G = Mean time per level.
                   A        B        C        D        E       F      G
               +--------+--------+--------+--------+--------+-----+--------+
         Total |   3802 |   3754 |     48 |   1571 |    614 |   3 | 1267.3 |
       Dungeon |   3802 |   3754 |     48 |   1571 |    614 |   3 | 1267.3 |
               +--------+--------+--------+--------+--------+-----+--------+

Top non-repeatable levels by time:
     D:1: 2173 daAuts
     D:2: 1301 daAuts
     D:3: 327 daAuts
